 Dungeon Crawl Stone Soup version 0.30-a0-2-gf48d83f5e2 (webtiles) character file.

Game seed: 7177738802423561518

12 ytrimaz the Insei (level 2, -1/18 HPs)
             Began as an Octopode Transmuter on Aug 20, 2022.
             Slain by a jackal (2 damage)
             ... on level 1 of the Dungeon.
             The game lasted 00:00:21 (510 turns).

ytrimaz the Insei (Octopode Transmuter)              Turns: 510, Time: 00:00:22

Health: -1/18      AC:  1    Str:  9    XL:     2   Next: 33%
Magic:  5/5        EV: 13    Int: 15    God:
Gold:   13         SH:  0    Dex: 12    Spells: 4/5 levels left

rFire   . . .      SeeInvis .      - Unarmed
rCold   . . .      Faith    .    (no shield)
rNeg    . . .      Spirit   .    (helmet restricted)
rPois   .          Reflect  .    (no amulet)
rElec   .          Harm     .    (no ring)
rCorr   .          Rampage  .    (no ring)
Will    .....                    (no ring)
Stlth   ++........               (no ring)
HPRegen 0.06/turn                (no ring)
MPRegen 0.09/turn                (no ring)
                                 (no ring)
                                 (no ring)

@: no status effects
A: almost no armour, amphibious, 8 rings, camouflage 1, gelatinous body 1,
(nimble swimmer 1), tentacles
a: no special abilities


You were on level 1 of the Dungeon.
You visited 1 branch of the dungeon, and saw 1 of its levels.

You collected 13 gold pieces.

Inventory:

Scrolls
 b - a scroll of enchant weapon {unknown}
Potions
 a - a potion of lignification


   Skills:
 + Level 1.0 Fighting
 + Level 2.0 Dodging
 + Level 3.7 Unarmed Combat
 - Level 2.0 Spellcasting
 - Level 2.0 Transmutations


You had 4 spell levels left.
You knew the following spells:

 Your Spells              Type           Power      Damage    Failure   Level
a - Beastly Appendage     Tmut           14%        N/A       10%         1

Your spell library contained the following spells:

 Spells                   Type           Power      Damage    Failure   Level
 Wereblood                Tmut           7%         N/A       14%         2
 Spider Form              Tmut/Pois      4%         N/A       41%         3
 Tukima's Dance           Hex            1%         N/A       54%         3
 Ice Form                 Ice/Tmut       4%         N/A       82%         4
 Passage of Golubria      Tloc           1%         N/A       91%         4
 Yara's Violent Unravell  Hex/Tmut       2%         3d3       99%         5


Dungeon Overview and Level Annotations

Branches:
Dungeon (1/15)

Altars:


Innate Abilities, Weirdness & Mutations

You cannot wear most types of armour.
You are amphibious.
You can wear up to eight rings at the same time.
Your skin changes colour to match your surroundings (Stealth+).
Your rubbery body absorbs attacks. (AC +1, EV +1)
((You are camouflaged when in or above water. (Stealth+)))
You have tentacles for arms and can constrict up to eight enemies at once.


Message History

You constrict the bat.
You kill the bat!
The helpless goblin fails to defend itself.
You tentacle-slap the goblin. Your grab misses the goblin.
You pierce the goblin.
You kill the goblin!
Things that are here:
a +0 dagger; a goblin corpse Your transformation is almost over.
Your tentacle spike disappears.
You now have 13 gold pieces.
An endoplasm comes into view.
Found 7 gold pieces and a ruby potion.
The endoplasm quivers.
An endoplasm is nearby! 2 jackals come into view.
The jackal barks!
The jackal bites you. x2
You tentacle-slap the endoplasm.
The endoplasm is lightly wounded.
The jackal barely misses you. The jackal misses you. The endoplasm freezes you.
You are frozen.
You completely miss the endoplasm.
The endoplasm is lightly wounded.
The jackal bites you. The jackal closely misses you.
The endoplasm closely misses you.
The jackal bites you but does no damage.
The jackal misses you.
You tentacle-slap the endoplasm.
The endoplasm is almost dead.
The endoplasm freezes you.
You are frozen.
* * * LOW HITPOINT WARNING * * *
The jackal bites you.
* * * LOW HITPOINT WARNING * * *
The jackal bites you but does no damage.
You are too injured to fight recklessly!
The jackal attacks as you move away! The jackal bites you.
You die...

#.#.###.#. ...######
#.#..##.#. #.......#
#.##.##... #.......#
#.##.####.
#..!....######....####.
#.......#.....#.#.#....
#...$...#.....#......##
#.....Jh#.....##.....#
#.....@h#.....##.#...##
...###.###.....##.###...
................# .#
#... .....#.#######..#
###... ..## #.
##.......... ##
.......### .......
..#### ## #.


You could see an endoplasm and 2 jackals.

Vanquished Creatures
  3 bats (D:1)
  3 endoplasms (D:1)
  A hobgoblin (D:1)
  2 goblins (D:1)
  A rat (D:1)
10 creatures vanquished.

Notes
Turn   | Place    | Note
-------+----------+-------------------------------------------
     0 | D:1      | ytrimaz the Octopode Transmuter began the quest for the
                  | Orb.
     0 | D:1      | Reached XP level 1. HP: 13/13 MP: 3/3
   339 | D:1      | Reached XP level 2. HP: 17/18 MP: 3/5
   510 | D:1      | Slain by a jackal

Illustrated notes

Levels and vault maps discovered:
D:1:      lightli_molten_gateway, layout_basic,
          shapermc_ecumenical_altar_mp_urbaneastern

Action                   || total
-------------------------++-------
Melee: Unarmed           ||    23
       Constrict         ||     6
       Kick              ||     5
 Cast: Beastly Appendage ||     6
 Stab: Sleeping          ||     4
Armor: Skin              ||     7
Dodge: Dodged            ||    28

Table legend: (Time is in decaauts)
 A = Elapsed time spent in this place.
 B = Non-inter-level travel time spent in this place.
 C = Inter-level travel time spent in this place.
 D = Time resting spent in this place.
 E = Time spent auto-exploring this place.
 F = Levels seen in this place.
 G = Mean time per level.
                   A        B        C        D        E       F      G
               +--------+--------+--------+--------+--------+-----+--------+
         Total |    508 |    508 |      0 |      0 |    439 |   1 |  508.0 |
       Dungeon |    508 |    508 |      0 |      0 |    439 |   1 |  508.0 |
               +--------+--------+--------+--------+--------+-----+--------+

Top non-repeatable levels by time:
     D:1: 508 daAuts
